 Dungeon Crawl Stone Soup version 0.27.0 (webtiles) character file.

Game seed: 13714198283789730744

56 mainiacjoe the Twirler (level 3, 0/30 HPs)
             Began as a Minotaur Gladiator on July 31, 2021.
             Slain by a goblin (3 damage)
             ... led by Robin
             ... on level 3 of the Dungeon.
             The game lasted 00:03:20 (752 turns).

mainiacjoe the Twirler (Minotaur Gladiator)          Turns: 752, Time: 00:03:20

Health: 0/30       AC:  3    Str: 19    XL:     3   Next: 69%
Magic:  2/2        EV: 12    Int:  5    God:
Gold:   10         SH:  0    Dex: 11    Spells: 2/2 levels left

rFire    . . .     SeeInvis .   a - +0 quarterstaff
rCold    . . .     Faith    .   (shield currently unavailable)
rNeg     . . .     Spirit   .   g - +1 robe {Will+}
rPois    .         Reflect  .   c - +0 hat
rElec    .         Harm     .   (no cloak)
rCorr    .         Rampage  .   (no gloves)
Will     +....                  (no boots)
Stlth    +.........             (no amulet)
HPRegen  0.10/turn              (no ring)
MPRegen  0.08/turn              (no ring)

@: no status effects
A: horns 2, retaliatory headbutt
a: no special abilities


You were on level 3 of the Dungeon.
You visited 1 branch of the dungeon, and saw 3 of its levels.

You collected 10 gold pieces.

Inventory:

Hand Weapons
 a - a +0 quarterstaff (weapon)
 j - a +0 hand axe
Missiles
 d - 4 throwing nets {=F}
 f - 11 poisoned darts (quivered)
 l - 23 stones
 n - 26 sling bullets
Armour
 b - a +0 leather armour
 c - a +0 hat (worn)
 g - a +1 robe of willpower (worn)
Scrolls
 h - a scroll of magic mapping {unknown}
 i - 2 scrolls of teleportation {unknown}
 m - a scroll of identify {unknown}
Potions
 e - a potion of magic {unknown}
 k - a potion of heal wounds {unknown}


   Skills:
 - Level 2.4 Fighting
 + Level 3.6 Axes
 - Level 4.2 Staves
 - Level 2.0 Throwing
 - Level 3.2 Dodging


You had 2 spell levels left.
You didn't know any spells.
Your spell library was empty.

Dungeon Overview and Level Annotations

Branches:
Dungeon (3/15)

Altars:

Shops:
D:1 !?(

Annotations:
D:2 dig vault


Innate Abilities, Weirdness & Mutations

You have a pair of horns on your head.
You reflexively headbutt those who attack you in melee.


Message History

You completely miss Robin.
Robin is almost dead.
Robin barely misses you.
You hit Robin but do no damage.
Robin is almost dead.
Robin throws the goblin at you! The goblin closely misses you.
You hit Robin.
Robin is almost dead.
Robin hits you but does no damage. The goblin hits you with a +0 dagger.
You completely miss Robin.
Robin is almost dead.
Robin hits you with a +0 whip! The goblin closely misses you.
You sock Robin!
You kill Robin!
The goblin no longer looks unusually strong.
The goblin hits you with a +0 dagger.
* * * LOW HITPOINT WARNING * * *
You hit the hobgoblin.
You headbutt the hobgoblin, but do no damage.
The hobgoblin is heavily wounded.
The hobgoblin barely misses you.
A goblin comes into view. It is wielding a +0 club.
The goblin hits you with a +0 dagger.
* * * LOW HITPOINT WARNING * * *
The hobgoblin hits you.
* * * LOW HITPOINT WARNING * * *
You barely miss the goblin. The goblin misses you.
The hobgoblin barely misses you. You furiously retaliate!
You headbutt the hobgoblin!
You kill the hobgoblin!
You hit the goblin.
The goblin is severely wounded.
The goblin completely misses you. The goblin closely misses you.
You furiously retaliate!
You headbutt the goblin.
You kill the goblin!
Items here: ( ))))) [[ †††.
You closely miss the goblin.
The goblin is severely wounded.
The goblin hits you with a +0 dagger.
You die...

####### #.# #.....#
#.# #.....# #.#
#.....# #.#
#.....#####.#######
...................
#.....#####.#######
#.....#####.########
...............g@(.#
#######.....######.#
#.##### #.#
#######.# #.######
.†......# #......#
######### ##.###.#
.... #g#### #.


You could see a goblin.

Vanquished Creatures
  Robin (D:3)
  An adder (D:2)
  2 bats (D:1)
  3 giant cockroaches
  3 goblins (D:3)
  4 hobgoblins
  8 jackals (D:1)
  2 quokkas
  A ball python (D:1)
  2 frilled lizards (D:1)
  A kobold (D:2)
  3 rats
31 creatures vanquished.

Notes
Turn   | Place    | Note
-------+----------+-------------------------------------------
     0 | D:1      | mainiacjoe the Minotaur Gladiator began the quest for the
                  | Orb.
     0 | D:1      | Reached XP level 1. HP: 18/18 MP: 0/0
    52 | D:1      | Found Uroic's Weapon Shoppe.
    74 | D:1      | Reached skill level 4 in Staves
    74 | D:1      | Found Naweg's Magic Scroll Emporium.
   140 | D:1      | Found Fyfros's Distillery.
   148 | D:1      | Reached XP level 2. HP: 20/25 MP: 1/1
   151 | D:1      | Reached skill level 1 in Axes
   422 | D:1      | You fall into a shaft and drop 1 floor!
   450 | D:2      | Reached XP level 3. HP: 30/30 MP: 2/2
   720 | D:3      | Noticed Robin
   747 | D:3      | Killed Robin
   752 | D:3      | Slain by a goblin

Illustrated notes

Levels and vault maps discovered:
D:1:      dpeg_arrival_round_c, layout_basic, serial_shops,
          nicolae_shop_statue_plus, shop_fountains, shop, shop
D:2:      layout_loops_ring, serial_shops, shop, minivault_11,
          due_unseen_surprise, uniq_natasha
D:3:      layout_basic, mainiacjoe_overflow_cross_hatched,
          minmay_misc_feat_roman, nicolae_underground_beach, uniq_robin

Skill      XL: |  1  2  3 |
---------------+----------+-----
Staves         | 4 |  4.2
Axes           | 2 3 |  3.6
Fighting       | |  2.4
Throwing       | |  2.0
Dodging        | |  3.2

Action                   || total
-------------------------++-------
Melee: Quarterstaff      ||    52
       Headbutt          ||    10
Throw: Dart              ||    27
Armor: Leather armour    ||     2
       Robe              ||    10
Dodge: Dodged            ||    43
